 Dungeon Crawl Stone Soup version 0.30.0-15-g856e2d3f33 (webtiles) character file.

Game seed: 16329138921519725121

75 Demosthentine the Ducker (level 4, 0/34 HPs)
             Began as a Demonspawn Gladiator on May 18, 2023.
             Slain by a gnoll
             ... wielding a +0 halberd
              (10 damage)
             ... on level 2 of the Dungeon.
             The game lasted 00:01:14 (1314 turns).

Demosthentine the Ducker (Demonspawn Gladiator)     Turns: 1314, Time: 00:01:15

Health: 0/34       AC:  5    Str: 16    XL:     4   Next: 11%
Magic:  4/4        EV: 12    Int:  9    God:
Gold:   52         SH:  0    Dex: 15    Spells: 3/3 levels left

rFire   . . .        a - +0 trident
rCold   . . .        (no shield)
rNeg    . . .        b - +0 leather armour
rPois   .            (helmet restricted)
rElec   .            (no cloak)
rCorr   .            (no gloves)
SInv    .            (no boots)
Will    .....        (no amulet)
Stlth   +            (no ring)
HPRegen 0.25/turn    (no ring)
MPRegen 0.09/turn

%: no passive effects
@: no status effects
A: horns 1, icy blue scales 1
a: no special abilities


You were on level 2 of the Dungeon.
You visited 1 branch of the dungeon, and saw 2 of its levels.

You collected 52 gold pieces.

Inventory:

Hand Weapons
 a - a +0 trident (weapon)
Missiles
 d - 3 throwing nets (quivered)
 e - a javelin
 f - 5 poisoned darts
Armour
 b - a +0 leather armour (worn)
Jewellery
 l - a ring of poison resistance
Scrolls
 c - a scroll of enchant armour {unknown}
 k - a scroll of vulnerability {unknown}
Potions
 g - a potion of heal wounds {unknown}
 h - a potion of brilliance {unknown}
 i - a potion of might {unknown}
 j - a potion of berserk rage {unknown}


   Skills:
 + Level 2.7 Fighting
 + Level 3.2 Polearms
 - Level 1.7 Throwing
 + Level 1.4 Armour
 + Level 3.2 Dodging


You had 3 spell levels left.
You didn't know any spells.
Your spell library contained the following spells:

 Spells                   Type           Power      Damage    Failure   Level
 Lesser Beckoning         Tloc           0%         N/A       58%         2
 Gell's Gravitas          Tloc           0%         N/A       83%         3
 Teleport Other           Tloc           0%         N/A       83%         3


Dungeon Overview and Level Annotations

Branches:
Dungeon (2/15)

Altars:


Innate Abilities, Weirdness & Mutations

You have a pair of small horns on your head.
You are partially covered in icy blue scales. (AC +2)


Message History

You reach to attack!
You hit the gnoll.
The gnoll is moderately wounded.
The gnoll hits you but does no damage.
You reach to attack!
You closely miss the gnoll.
The gnoll is moderately wounded.
The gnoll closely misses you.
You reach to attack!
You puncture the gnoll!
The gnoll is almost dead.
The gnoll hits you from afar with a +0 spear.
You reach to attack!
You hit the gnoll.
You kill the gnoll!
The gnoll misses you.
You have reached level 4!
You feel agile.
You reach to attack!
You barely miss the gnoll. The gnoll barely misses you.
You reach to attack!
You barely miss the gnoll. The gnoll barely misses you.
You reach to attack!
You hit the gnoll.
The gnoll is lightly wounded.
The gnoll hits you from afar with a +0 halberd!
You reach to attack!
You completely miss the gnoll.
The gnoll is lightly wounded.
The gnoll hits you from afar with a +0 halberd!
* * * LOW HITPOINT WARNING * * *
You are too injured to fight recklessly!
You are too injured to fight recklessly!
You are too injured to fight recklessly!
Reach: a) +0 trident
Press: ? - help, Dir - move target, f/p - gnoll
Aim: a gnoll, wielding a +0 halberd (lightly wounded, about 37% to evade your +0 trident)
You reach to attack!
You hit the gnoll.
The gnoll is moderately wounded.
The gnoll hits you from afar with a +0 halberd.
* * * LOW HITPOINT WARNING * * *
Unknown command.
Found a sapphire potion.
The gnoll misses you.
Found 6 stones.
The gnoll closely misses you.
There is a stone staircase leading up here.
The gnoll hits you from afar with a +0 halberd!
You die...

#+# #...#########.#
#.........(##.#
###.........##.##
...........#...## .#
#..............# .#
#.........)...[# ##.#
#!.........#.#.###..#.
#....@........<...#...
##.........##.#..#...#.
........g...##..#...#...
#########g##..#[..#...#.
#.g.#...#...#...
###...#...#...#.
#.#g..#...#...
#...#...#...#.
##.#...#...#...


You could see 3 gnolls.

Vanquished Creatures
  3 adders (D:2)
  A gnoll (D:2)
  4 ball pythons (D:1)
  2 bats
  9 endoplasms
  2 giant cockroaches
  2 goblins (D:2)
  3 hobgoblins (D:1)
  A quokka (D:1)
  5 frilled lizards
  2 kobolds (D:1)
  3 rats
37 creatures vanquished.

Notes
Turn   | Place    | Note
-------+----------+-------------------------------------------
     0 | D:1      | Demosthentine the Demonspawn Gladiator began the quest for
                  | the Orb.
     0 | D:1      | Reached XP level 1. HP: 16/16 MP: 1/1
    88 | D:1      | Gained mutation: You have a pair of small horns on your
                  | head. [demonic ancestry]
    88 | D:1      | Reached XP level 2. HP: 15/22 MP: 2/2
   649 | D:1      | Reached skill level 1 in Armour
   771 | D:2      | Gained mutation: You are partially covered in icy blue
                  | scales. (AC +2) [demonic ancestry]
   771 | D:2      | Reached XP level 3. HP: 28/28 MP: 3/3
  1298 | D:2      | Reached XP level 4. HP: 28/34 MP: 4/4
  1314 | D:2      | Slain by a gnoll

Illustrated notes

Levels and vault maps discovered:
D:1:      wheals_arrival_shading, layout_basic, kennysheep_pointless_box,
          minmay_tromino_mix6
D:2:      layout_loops_corners, hex_large

Skill      XL: |  1  2 |
---------------+-------+-----
Dodging        | 3 |  3.2
Armour         | 1 |  1.4
Polearms       | 3 |  3.2
Fighting       | |  2.7
Throwing       | |  1.7

Action                     |  1- 3 |  4- 6 || total
---------------------------+-------+-------++-------
  Melee: Trident           |    92 |     5 ||    97
         Headbutt          |     4 |       ||     4
    Use: Scroll            |     1 |       ||     1
   Stab: Sleeping          |     2 |       ||     2
 Armour: Leather armour    |    20 |       ||    20
  Dodge: Dodged            |    45 |     4 ||    49
